 Dungeon Crawl Stone Soup version 0.21.1-1-g345015f (webtiles) character file.

336 Fang the Chopper (level 6, -11/39 HPs)
             Began as a Gargoyle Berserker on May 30, 2018.
             Was a Priest of Trog.
             Killed by divine providence
             ... invoked by an orc priest
              (17 damage)
             ... on level 4 of the Dungeon on May 31, 2018.
             The game lasted 00:06:41 (2491 turns).

Fang the Chopper (Gargoyle Berserker)               Turns: 2491, Time: 00:06:42

Health: -11/39     AC:  6    Str: 23    XL:     6   Next: 54%
Magic:  6/6        EV: 13    Int:  7    God:    Trog [***...]
Gold:   172        SH:  0    Dex:  9    Spells: 5/5 levels left

rFire    . . .     SeeInvis .   a - +0 hand axe
rCold    . . .     Gourm    .   (no shield)
rNeg     + . .     Faith    .   b - +0 animal skin
rPois    ∞         Spirit   .   (no helmet)
rElec    +         Reflect  .   (no cloak)
rCorr    .         Harm     .   (no gloves)
MR       .....                  (no boots)
Stlth    +.........             (no amulet)
HPRegen  0.13/turn              (no ring)
MPRegen  0.10/turn              (no ring)

@: no status effects
A: negative energy resistance 1, electricity resistance, unbreathing,
petrification resistance, rot immunity, AC +4
a: Berserk, Trog's Hand, Burn Spellbooks, Renounce Religion


You were on level 4 of the Dungeon.
You worshipped Trog.
Trog was most pleased with you.
You were near starving.

You visited 1 branch of the dungeon, and saw 4 of its levels.

You collected 172 gold pieces.

Inventory:

Hand Weapons
 a - a +0 hand axe (weapon)
Armour
 b - a +0 animal skin (worn)
Scrolls
 d - 2 scrolls of immolation {unknown}
 g - a scroll of noise {unknown}
 h - 4 scrolls of teleportation {unknown}
 j - 3 scrolls of enchant armour {unknown}
 l - 3 scrolls of identify {unknown}
 p - a scroll of fear {unknown}
Potions
 e - 2 potions of flight {unknown}
 f - 2 potions of brilliance {unknown}
 i - a potion of cancellation {unknown}
 k - a potion of degeneration {unknown}
 m - a potion of lignification {unknown}
 o - a potion of mutation {unknown}
 q - a potion of might {unknown}
Comestibles
 c - 5 rations


   Skills:
 + Level 4.4 Fighting
 + Level 4.8 Axes
 + Level 2.4 Armour
 + Level 3.3 Dodging


You had 5 spell levels left.
You didn't know any spells.

Dungeon Overview and Level Annotations

Branches:
Dungeon (4/15)
 Temple: D:4-7

Altars:
Uskayaw


Innate Abilities, Weirdness & Mutations

You are resistant to torment.
Your stone body is resilient. (AC +4)
You are immune to poison.
You resist negative energy. (rN+)
You are resistant to electric shocks. (rElec)
You can survive without breathing.
You are immune to petrification.
You are immune to rotting.


Message History

You are too injured to fight recklessly!
You are too injured to fight recklessly!
You are too injured to fight recklessly!
You are too injured to fight recklessly!
You are too injured to fight recklessly!
You are too injured to fight recklessly!
You're too hungry.
You hit the orc priest but do no damage.
The orc priest is heavily wounded.
You hit the orc.
The orc priest mumbles some strange prayers to Beogh against you.
Beogh smites you!
* * * LOW HITPOINT WARNING * * *
Unknown command.
You hit the orc priest.
The orc priest is severely wounded.
You hit the orc. x2
The orc priest invokes the aid of Beogh against you.
Beogh smites you!
You die...

##### . ##....# ..
#.....# ... ##.....#
..#. #......#
.....##.....#
#....o....#
#.o@....# ##o.....#
#......## #.......##
#........## ######
#....###..####......
#....# ##...........
#...## ##...#####..
#..# ###.#(..#.#


You could see an orc priest and 2 orcs.

Vanquished Creatures
  An ogre (D:2)
  An orc wizard (D:2)
  Terence (D:3)
  Robin (D:3)
  10 adders
  3 dart slugs
  A leopard gecko (D:1)
  3 orcs
  4 ball pythons
  3 bats
  5 giant cockroaches
  16 goblins
  10 hobgoblins
  8 jackals
  3 quokkas
  5 frilled lizards
  9 kobolds
  12 rats
96 creatures vanquished.

Vanquished Creatures (others)
  A jackal (D:3)
1 creature vanquished.

Grand Total: 97 creatures vanquished

Notes
Turn   | Place    | Note
-------+----------+-------------------------------------------
     0 | D:1      | Fang the Gargoyle Berserker began the quest for the Orb.
     0 | D:1      | Reached XP level 1. HP: 14/14 MP: 1/1
    73 | D:1      | Reached XP level 2. HP: 10/19 MP: 2/2
   704 | D:1      | Reached XP level 3. HP: 24/24 MP: 3/3
   907 | D:2      | Reached ** piety under Trog
   922 | D:2      | Reached XP level 4. HP: 27/29 MP: 4/4
  1102 | D:2      | Reached XP level 5. HP: 24/33 MP: 5/5
  1340 | D:2      | Noticed an ogre
  1351 | D:2      | Killed an ogre
  1608 | D:3      | Reached XP level 6. HP: 31/39 MP: 6/6
  1627 | D:3      | Noticed Robin
  1635 | D:3      | Reached *** piety under Trog
  1643 | D:3      | Killed Robin
  1794 | D:3      | Noticed Terence
  1805 | D:3      | Killed Terence
  2465 | D:4      | Noticed a hand axe
  2466 | D:4      | Noticed a hand axe
  2467 | D:4      | Found a hide-covered altar of Uskayaw.
  2491 | D:4      | Killed from afar by an orc priest

Skill      XL: |  1  2  3  4  5 |
---------------+----------------+-----
Axes           | 3 4 |  4.8
Fighting       | 4 |  4.4
Dodging        | 2 3 |  3.3
Armour         | |  2.4

Action                   |  1- 3 |  4- 6 || total
-------------------------+-------+-------++-------
Melee: Hand axe          |    99 |   195 ||   294
Invok: Berserk           |     1 |     2 ||     3
       Burn Spellbooks   |       |     1 ||     1
  Eat: Chunk             |       |     7 ||     7
Armor: Animal skin       |    45 |    59 ||   104
Dodge: Dodged            |    97 |   142 ||   239
